 Dungeon Crawl Stone Soup version 0.28-a0-1404-g4df0f3684d (webtiles) character file.

Game seed: 17691391414326137324

7895 HallandMoats the Eye of the Storm (level 11, 0/81 HPs)
             Began as a Demonspawn Fighter on Jan 5, 2022.
             Was a Priest of Qazlal.
             Slain by a vampire (9 damage)
             ... on level 10 of the Dungeon.
             The game lasted 00:14:48 (12077 turns).

HallandMoats the Eye of the Storm (DsFi)           Turns: 12077, Time: 00:14:48

Health: 0/81       AC: 11    Str: 16    XL:     11   Next: 2%
Magic:  18/18      EV: 14    Int: 10    God:    Qazlal [***...]
Gold:   370        SH: 10    Dex: 17    Spells: 10/10 levels left

rFire   + . .      SeeInvis .   a - +0 scimitar
rCold   + . .      Faith    .   c - +0 buckler
rNeg    . . .      Spirit   .   C - +0 acid dragon scales
rPois   .          Reflect  .   r - +0 hat {Stlth+}
rElec   .          Harm     .   v - scarf {rC+ rF+}
rCorr   +          Rampage  .   z - +0 pair of gloves
Will    .....                   h - +1 pair of boots
Stlth   ++........              (no amulet)
HPRegen 0.23/turn               e - ring of fire
MPRegen 0.32/turn               f - ring of ice

@: no status effects
A: antennae 1, claws 1, spiny 2, magic regeneration, weakness stinger 2
a: Renounce Religion, Upheaval, Elemental Force


You were on level 10 of the Dungeon.
You worshipped Qazlal.
Qazlal was most pleased with you.
You visited 2 branches of the dungeon, and saw 11 of its levels.
You also visited: Ossuary.

You collected 420 gold pieces.
You spent 50 gold pieces at shops.

Inventory:

Hand Weapons
 a - a +0 scimitar (weapon)
Armour
 c - a +0 buckler (worn)
 h - a +1 pair of boots (worn)
 r - a +0 hat of stealth (worn)
 v - a scarf of resistance (worn)
 z - a +0 pair of gloves (worn)
 A - a scarf of harm
 C - +0 acid dragon scales (worn)
 D - a +2 scale mail of cold resistance
 E - +0 ice dragon scales
Jewellery
 e - a ring of fire (left hand)
 f - a ring of ice (right hand)
Wands
 m - a wand of digging (8)
 F - a wand of flame (7)
Scrolls
 g - a scroll of torment {unknown}
 j - 11 scrolls of teleportation
 k - 2 scrolls of enchant weapon {unknown}
 l - 2 scrolls of acquirement {unknown}
 o - 3 scrolls of vulnerability {unknown}
 q - a scroll of silence {unknown}
 t - a scroll of fear {unknown}
 u - a scroll of identify
 w - a scroll of blinking {unknown}
 y - 2 scrolls of immolation {unknown}
 G - a scroll of amnesia {unknown}
 I - a scroll of holy word {unknown}
Potions
 b - a potion of might
 d - a potion of mutation
 i - 3 potions of cancellation
 n - 7 potions of curing
 p - a potion of flight {unknown}
 s - 3 potions of brilliance
 x - a potion of resistance {unknown}
 B - a potion of ambrosia {unknown}
 H - a potion of haste {unknown}


   Skills:
 + Level 6.0 Fighting
 * Level 6.9 Long Blades
 * Level 7.2 Armour
 * Level 6.5 Dodging
 * Level 7.2 Shields
 * Level 9.4 Invocations


You had 10 spell levels left.
You didn't know any spells.
Your spell library contained the following spells:

 Spells                   Type           Power      Damage    Failure   Level
 Call Canine Familiar     Summ           0%         N/A       88%         3
 Portal Projectile        Hex/Tloc       0%         N/A       88%         3
 Leda's Liquefaction      Hex/Erth       0%         N/A       99%         4
 Summon Ice Beast         Ice/Summ       0%         N/A       99%         4
 Summon Mana Viper        Hex/Summ       0%         N/A       100%        5
 Monstrous Menagerie      Summ           0%         N/A       100%        7


Dungeon Overview and Level Annotations

Branches:
Dungeon (10/15)            Temple (1/1) D:4             Orc (0/2) D:10
Ossuary (visited)
   Lair: D:8-11

Altars:
Ashenzari
Cheibriados
Dithmenos
Elyvilon
Fedhas
Gozag
Hepliaklqana
Kikubaaqudgha
Makhleb
Nemelex Xobeh
Okawaru
Qazlal
Ru
Sif Muna
Trog
Uskayaw
Vehumet
Wu Jian
Xom
Yredelemnul
Zin
The Shining One

Shops:
D:2 *?


Innate Abilities, Weirdness & Mutations

You have a pair of small antennae on your head.
You have sharp fingernails.
You are mostly covered in sharp spines.
You regenerate magic rapidly.
You have a tail ending in a sharp stinger.


Message History

A vampire is nearby!
Found a chain mail.
The vampire mumbles some strange words.
The vampire flickers and vanishes!
Deactivating autopickup; reactivate with Ctrl-A.
No target in view!
No target in view!
No target in view!
No target in view!
You hit something. Something hits you. Something bites you.
Something draws strength from your injuries!
You barely miss something. You tail-slap something. Something hits you.
Something bites you.
Something draws strength from your injuries!
You hit something but do no damage. Something hits you. Something bites you.
Something draws strength from your injuries!
You hit something.
Your tail-slap misses something.
Something hits you. Something barely misses you.
You miss something. Something hits you but does no damage. Something bites you.
Something draws strength from your injuries!
You closely miss something. Something hits you.
Something bites you but does no damage. Something hits you!
Something bites you.
Something draws strength from your injuries!
You barely miss something. Something barely misses you. Something bites you.
Something draws strength from your injuries!
You hit something but do no damage. Something draws life force from you!
* * * LOW HITPOINT WARNING * * *
You barely miss something.
Your tail-slap misses something.
You block something's attack. Something bites you but does no damage.
You barely miss something. Something hits you!
* * * LOW HITPOINT WARNING * * *
You block something's attack.
You slash something! Something hits you.
* * * LOW HITPOINT WARNING * * *
Something bites you!
* * * LOW HITPOINT WARNING * * *
Something draws strength from your injuries!
You feel better. Something hits you!
You die...

#####################
.....................
#.......###........
#°☼.....# #........
##{@.....###........
........○.........######
............#####.######
..[.........# #.......
##+########## #.......
#....### #....# #
#....### #.......


There were no monsters in sight!

Vanquished Creatures
  Gastronok (D:9)
  Joseph (D:8)
  Maggie (D:6)
  Prince Ribbit (D:5)
  A hornet (D:10)
  A troll (D:10)
  Grinder (D:5)
  A meliai zombie (D:9)
  Eustachio (D:4)
  3 wyverns
  A steam dragon (D:8)
  2 water moccasins
  Duvessa (D:7)
  A black bear (D:7)
  An orc warrior (D:7)
  A sky beast (D:6)
  An ogre (D:7)
  4 necrophages
  4 centaurs
  5 elf zombies (Ossuary)
  2 kobold brigands
  A bullfrog (D:9)
  A gnoll sergeant (D:9)
  A wyvern zombie (D:7)
  A scorpion (D:4)
  Dowan (D:7)
  2 water moccasin zombies
  A water moccasin skeleton (D:6)
  7 killer bees
  6 wights
  A howler monkey (D:9)
  7 centaur zombies
  3 human zombies (Ossuary)
  A bullfrog skeleton (D:5)
  2 gnoll shamans
  2 hounds
  2 orc priests
  Jessica (D:3)
  2 iguanas (D:5)
  An orc wizard (D:7)
  A scorpion zombie (D:5)
  A hound zombie (D:5)
  2 hound skeletons (D:5)
  3 mummies (Ossuary)
  14 gnolls
  A river rat (D:5)
  A shadow imp (D:5)
  12 adders
  2 white imps
  An adder skeleton (D:4)
  2 worms
  5 dart slugs
  28 orcs
  8 ball pythons
  6 bats
  8 endoplasms
  2 giant cockroaches
  10 goblins
  4 hobgoblins
  4 jackals (D:5)
  15 kobolds
  2 quokkas
  4 frilled lizards
  3 rats
217 creatures vanquished.

Notes
Turn   | Place    | Note
-------+----------+-------------------------------------------
     0 | D:1      | HallandMoats the Demonspawn Fighter began the quest for the
                  | Orb.
     0 | D:1      | Reached XP level 1. HP: 18/18 MP: 1/1
   124 | D:1      | Gained mutation: You are partially covered in sharp spines.
                  | [demonic ancestry]
   124 | D:1      | Reached XP level 2. HP: 10/24 MP: 2/2
   495 | D:1      | Reached skill level 1 in Invocations
   851 | D:1      | Reached XP level 3. HP: 29/29 MP: 4/4
  1497 | D:2      | Found Haazesei's General Store.
  1507 | D:2      | Bought a scroll of teleportation for 30 gold pieces
  1507 | D:2      | Bought a scroll of identify for 20 gold pieces
  1514 | D:2      | Found Abbiyjupt's Magic Scroll Emporium.
  1556 | D:2      | Reached skill level 1 in Dodging
  2292 | D:3      | Reached skill level 2 in Invocations
  2292 | D:3      | Gained mutation: You are mostly covered in sharp spines.
                  | [demonic ancestry]
  2292 | D:3      | Reached XP level 4. HP: 35/35 MP: 5/5
  2382 | D:3      | Noticed Jessica
  2385 | D:3      | Killed Jessica
  2582 | D:3      | Discovered your monstrous ancestry.
  2582 | D:3      | Gained mutation: You have a small tail. [demonic ancestry]
  2582 | D:3      | Reached XP level 5. HP: 36/41 MP: 6/6
  3191 | D:4      | Found a staircase to the Ecumenical Temple.
  3191 | D:4      | Noticed a necrophage
  3197 | D:4      | Killed a necrophage
  3198 | D:4      | Reached skill level 3 in Invocations
  3198 | D:4      | Reached XP level 6. HP: 45/47 MP: 8/8
  3215 | Temple   | Entered the Ecumenical Temple
  3487 | Temple   | Became a worshipper of Qazlal Stormbringer
  3897 | D:4      | Noticed Eustachio
  3934 | D:4      | Killed Eustachio
  4348 | D:4      | Gained mutation: You regenerate magic rapidly. [demonic
                  | ancestry]
  4348 | D:4      | Reached XP level 7. HP: 53/53 MP: 9/9
  4503 | D:4      | Reached skill level 4 in Invocations
  4600 | D:5      | Entered Level 5 of the Dungeon
  4615 | D:5      | Found a sand-covered staircase.
  4619 | Ossuary  | Entered an ossuary
  4649 | Ossuary  | Reached * piety under Qazlal
  4822 | Ossuary  | Reached XP level 8. HP: 21/60 MP: 11/11
  5040 | Ossuary  | Reached skill level 5 in Invocations
  5514 | D:5      | Noticed Grinder
  5522 | D:5      | Killed Grinder
  5523 | D:5      | Reached skill level 5 in Armour
  5523 | D:5      | Reached skill level 5 in Shields
  5673 | D:5      | Reached skill level 6 in Invocations
  5969 | D:5      | Noticed Prince Ribbit
  5990 | D:5      | Killed Prince Ribbit
  5991 | D:5      | Gained mutation: You have a tail ending in a sharp stinger.
                  | [demonic ancestry]
  5991 | D:5      | Reached XP level 9. HP: 33/66 MP: 13/13
  6197 | D:5      | Reached ** piety under Qazlal
  6563 | D:6      | Noticed Maggie
  6576 | D:6      | Killed Maggie
  6577 | D:6      | Reached skill level 5 in Long Blades
  6846 | D:6      | Reached skill level 7 in Invocations
  6885 | D:6      | Reached skill level 5 in Fighting
  6906 | D:6      | Reached skill level 5 in Dodging
  7582 | D:7      | Noticed Duvessa
  7582 | D:7      | Noticed Dowan
  7594 | D:7      | Killed Duvessa
  7864 | D:7      | Killed Dowan
  8436 | D:7      | Gained mutation: You have a pair of small antennae on your
                  | head. [demonic ancestry]
  8436 | D:7      | Reached XP level 10. HP: 49/74 MP: 15/15
  8751 | D:7      | Reached skill level 8 in Invocations
  8757 | D:8      | Reached *** piety under Qazlal
  9170 | D:8      | Noticed Joseph
  9191 | D:8      | Killed Joseph
 10285 | D:9      | Found a blossoming altar of Fedhas.
 10897 | D:9      | Noticed Gastronok
 10912 | D:9      | Killed Gastronok
 10913 | D:9      | Reached skill level 9 in Invocations
 11369 | D:10     | Entered Level 10 of the Dungeon
 11829 | D:10     | Gained mutation: You have sharp fingernails. [demonic
                  | ancestry]
 11829 | D:10     | Reached XP level 11. HP: 63/81 MP: 18/18
 11966 | D:10     | Found a staircase to the Orcish Mines.
 12076 | D:10     | HP: 3/81 [something (7)]
 12077 | D:10     | Slain by a vampire

Illustrated notes

Levels and vault maps discovered:
D:1:      saegor_arrival_simple_d, layout_loops_ring
D:2:      layout_basic, serial_shops, nicolae_lakefront_shop, shop
D:3:      layout_basic, kennysheep_crisscross, uniq_jessica
D:4:      cheibrodos_quashed, layout_basic, minmay_temple_entry_glassed_door,
          corexii_hall_statues_l, uniq_eustachio
D:5:      layout_gridville, portal_sewer_entry_b, enter_ossuary_5,
          grunt_decor_clamped, kb_lookout_dungeons_type, due_unseen_surprise,
          uniq_grinder, uniq_prince_ribbit1
D:6:      layout_loops_ring, minmay_pentangle, uniq_maggie
D:7:      layout_rooms, uniq_duvessa
D:8:      layout_basic, serial_glass, glass_columns_b, glass_columns_c,
          grunt_ministairs_14, uniq_joseph
D:9:      layout_rooms, mainiacjoe_overflow_paths, serial_co_window_serial,
          co_window_corner_a, co_window_corner_a, co_window_paths_a,
          co_window_corner_a, co_window_paths_a, co_window_corner_a,
          co_window_unsneaky_path_a, co_window_unsneaky_path_a,
          co_window_unsneaky_path_d, co_window_2corner,
          co_window_of_opportunity_c, co_window_corner_b, glass_columns_a,
          glass_columns_b, glass_columns_a, hangedman_abyss_or_decor_stabs,
          uniq_gastronok
D:10:     layout_stronghold, orc_0_dummy
Temple:   nicolae_temple_the_god_donut

Skill      XL: |  1  2  3  4  5  6  7  8  9 10 |
---------------+-------------------------------+-----
Long Blades    | 2 3 4 5 6 |  6.9
Invocations    | 1 2 3 4 6 7 9 |  9.4
Armour         | 3 4 5 6 7 |  7.2
Shields        | 3 4 5 6 7 |  7.2
Dodging        | 1 2 3 4 5 6 |  6.5
Fighting       | 4 5 6 |  6.0

Action                   |  1- 3 |  4- 6 |  7- 9 | 10-12 || total
-------------------------+-------+-------+-------+-------++-------
Melee: Long sword        |    64 |    99 |   214 |       ||   377
       Tailslap          |       |     7 |    63 |    42 ||   112
       Scimitar          |       |       |   104 |   169 ||   273
Evoke: Wand              |       |       |     3 |     1 ||     4
  Use: Scroll            |     1 |       |     4 |     2 ||     7
       Potion            |       |       |     2 |     4 ||     6
Armor: Scale mail        |    23 |    45 |    81 |       ||   149
       Acid dragon scale |       |       |    34 |    55 ||    89
Dodge: Dodged            |    21 |    43 |   135 |    90 ||   289
Block: Buckler           |    14 |    28 |   142 |    92 ||   276

Table legend: (Time is in decaauts)
 A = Elapsed time spent in this place.
 B = Non-inter-level travel time spent in this place.
 C = Inter-level travel time spent in this place.
 D = Time resting spent in this place.
 E = Time spent auto-exploring this place.
 F = Levels seen in this place.
 G = Mean time per level.
                   A        B        C        D        E       F      G
               +--------+--------+--------+--------+--------+-----+--------+
         Total |  12221 |  11847 |    374 |   2026 |   8135 |  12 | 1018.4 |
       Dungeon |  11089 |  10737 |    352 |   1493 |   7775 |  10 | 1108.9 |
        Temple |    548 |    526 |     22 |    241 |    228 |   1 |  548.0 |
       Ossuary |    583 |    583 |      0 |    292 |    132 |   1 |  583.0 |
               +--------+--------+--------+--------+--------+-----+--------+

Top non-repeatable levels by time:
     D:9: 1370 daAuts
     D:6: 1357 daAuts
     D:5: 1354 daAuts
     D:1: 1282 daAuts
     D:8: 1167 daAuts
     D:7: 1018 daAuts
     D:4: 994 daAuts
     D:2: 957 daAuts
     D:3: 875 daAuts
    D:10: 712 daAuts
 Ossuary: 583 daAuts
  Temple: 548 daAuts
